 Dungeon Crawl Stone Soup version 0.29.1-15-g9cfb28693d (webtiles) character file.

Game seed: 3943192003230346937

78 GloriousHammer the Sneak (level 4, 0/24 HPs)
             Began as a Kobold Enchanter on Mar 28, 2023.
             Slain by an orc
             ... wielding a +0 trident
              (8 damage)
             ... on level 3 of the Dungeon.
             The game lasted 00:03:03 (2806 turns).

GloriousHammer the Sneak (Kobold Enchanter)         Turns: 2806, Time: 00:03:04

Health: 0/24       AC:  2    Str:  5    XL:     4   Next: 61%
Magic:  8/8        EV: 15    Int: 16    God:
Gold:   99         SH:  0    Dex: 17    Spells: 1/9 levels left

rFire   . . .      SeeInvis .   e - +1 dagger (venom)
rCold   . . .      Faith    .   (no shield)
rNeg    . . .      Spirit   .   b - +0 robe
rPois   .          Reflect  .   (no helmet)
rElec   .          Harm     .   (no cloak)
rCorr   .          Rampage  .   (no gloves)
Will    .....                   (no boots)
Stlth   ++++......              (no amulet)
HPRegen 0.08/turn               (no ring)
MPRegen 0.11/turn               (no ring)

@: invisible
A: small, no large weapons, nightstalker 3
a: no special abilities


You were on level 3 of the Dungeon.
You visited 1 branch of the dungeon, and saw 3 of its levels.

You collected 99 gold pieces.

Inventory:

Hand Weapons
 e - a +1 dagger of venom (weapon)
 j - a +2 dagger of holy wrath
Missiles
 l - 2 poisoned darts (quivered)
Armour
 b - a +0 robe (worn)
Scrolls
 f - 2 scrolls of magic mapping {unknown}
 g - a scroll of enchant armour {unknown}
 i - a scroll of fear {unknown}
 k - 4 scrolls of identify {unknown}
 m - a scroll of teleportation {unknown}
 n - a scroll of vulnerability {unknown}
Potions
 a - a potion of mutation {unknown}
 c - a potion of invisibility
 d - 3 potions of curing {unknown}
 h - a potion of haste {unknown}


   Skills:
 - Level 1.3 Short Blades
 - Level 2.4 Dodging
 + Level 5.2 Stealth
 + Level 3.1 Spellcasting
 + Level 3.7 Hexes
 + Level 0.2 Ice Magic


You had one spell level left.
You knew the following spells:

 Your Spells              Type           Power      Damage    Failure   Level
a - Confusing Touch       Hex            14%        N/A       12%         3
b - Ensorcelled Hibernat  Hex/Ice        16%        N/A       12%         2
c - Tukima's Dance        Hex            14%        N/A       12%         3

Your spell library contained the following spells:

 Spells                   Type           Power      Damage    Failure   Level
 Dazzling Flash           Conj/Hex       16%        N/A       26%         3


Dungeon Overview and Level Annotations

Branches:
Dungeon (3/15)

Altars:
Gozag


Innate Abilities, Weirdness & Mutations

You are small and have problems with some larger weapons.
You are completely attuned to the shadows.


Message History

You now have 89 gold pieces (gained 1).
Found 6 stones.
You now have 90 gold pieces (gained 1).
You now have 91 gold pieces (gained 1).
You now have 92 gold pieces (gained 1).
You now have 93 gold pieces (gained 1).
You now have 94 gold pieces (gained 1).
You now have 95 gold pieces (gained 1).
You see here 6 stones.
You see here a +2 mace of draining.
There is a stone staircase leading down here.
You see here an adder corpse.
Things that are here:
a +0 morningstar; an orc corpse You open the door.
There is an open door here.
Found a sling.
You now have 99 gold pieces (gained 4).
You see here a +0 sling.
You open the door.
There is an open door here.
An orc and an orc priest come into view.
An orc priest, an orc and a goblin come into view.
Found 2 fuming blue potions.
The goblin shouts!
The orc priest shouts!
The orc shouts!
The orc priest begins to cast a cantrip, but forgets the words!
The orc shouts!
The orc priest shouts!
You hear a shout!
You hear an angry hiss.
An orc comes into view. It is wielding a +0 mace.
The orc closely misses you.
The orc priest calls down the wrath of Beogh upon you.
Beogh smites you!
Ouch! That really hurt!
Okay, then.
You fade into invisibility!
The orc closely misses you.
A hobgoblin comes into view.
The goblin hits you with a +0 dagger.
The orc hits you from afar with a +0 trident!
You die...

#....# #....#
#....####. ..
#.........
#..##.........
#.............
.......#######
#......#
#..g@..#
#...ooo..
#.....oo!.
##..###... .g.
..


You could see 2 orc priests, 3 orcs, a hobgoblin (wandering, unable to see you)
and a goblin (unable to see you).

Vanquished Creatures
  3 adders
  A worm (D:2)
  A dart slug (D:1)
  2 orcs (D:3)
  4 ball pythons
  4 endoplasms
  2 giant cockroaches
  7 hobgoblins
  2 kobolds (D:1)
  A quokka (D:2)
  A bat (D:2)
  3 frilled lizards
  8 goblins
  4 rats (D:1)
43 creatures vanquished.

Vanquished Creatures (others)
  10 fungi (D:2)
10 creatures vanquished.

Grand Total: 53 creatures vanquished

Notes
Turn   | Place    | Note
-------+----------+-------------------------------------------
     0 | D:1      | GloriousHammer the Kobold Enchanter began the quest for the
                  | Orb.
     0 | D:1      | Reached XP level 1. HP: 10/10 MP: 3/3
    27 | D:1      | Found a faded altar of an unknown god.
   117 | D:1      | Reached XP level 2. HP: 5/15 MP: 5/5
  1202 | D:1      | Reached XP level 3. HP: 19/19 MP: 6/6
  1963 | D:2      | Reached skill level 5 in Stealth
  1963 | D:2      | Reached XP level 4. HP: 24/24 MP: 8/8
  2578 | D:2      | Learned a level 3 spell: Confusing Touch
  2581 | D:2      | Learned a level 2 spell: Ensorcelled Hibernation
  2585 | D:2      | Learned a level 3 spell: Tukima's Dance
  2686 | D:3      | Found an opulent altar of Gozag.
  2806 | D:3      | Slain by an orc

Illustrated notes

Levels and vault maps discovered:
D:1:      wander_arrival_abandoned_jail, layout_basic, serial_rivers,
          chequers_serial_rivers_micro_c, chequers_serial_rivers_micro_b,
          chequers_serial_rivers_micro_c, chequers_serial_rivers_micro_d,
          ebering_ecumenical_altar_ruins
D:2:      layout_loops_cross, dreamdust_mushroom_princess
D:3:      layout_basic, grunt_gozag_breadcrumbs

Skill      XL: |  1  2  3  4 |
---------------+-------------+-----
Stealth        | 5 |  5.2
Spellcasting   | 3 |  3.1
Short Blades   | |  1.3
Dodging        | |  2.4
Hexes          | |  3.7
Ice Magic      | |  0.2

Action                   |  1- 3 |  4- 6 || total
-------------------------+-------+-------++-------
Melee: Dagger            |    57 |    20 ||    77
  Use: Potion            |       |     1 ||     1
 Stab: Sleeping          |    15 |     6 ||    21
Armor: Robe              |     6 |     5 ||    11
Dodge: Dodged            |    20 |    25 ||    45
